Cogmind - Beta 14 @@@ ROGUE MODE // 2024.12.20 @ 00:31:17 Player: The Gourd Result: System corrupted Performance ------------- Evolutions (0) 0 Regions Visited (1) 200 Robots Destroyed (87) 435 Value Destroyed (1215) 1215 Prototype IDs (0) 0 Alien Tech Used (0) 0 Bonus (94) 94 TOTAL SCORE: 1944 Bonus ------- High Alert Combat Kills 94 Cogmind --------- Core Integrity 0/250 Matter 146/300 Energy 230/250 System Corruption 101% Temperature Cool (0) Movement Rolling (200) Ox8 Location -10/Materials Parts ------- > --- POWER (1) -------- Ion Engine > --- PROPULSION (2) --- Wheel > --- UTILITY (2) ------ Huge Storage Unit > --- WEAPON (2) ------- EMP Blaster Welding Torch > --- INVENTORY (25) --- Light Treads Light Treads Light Treads Light Treads Light Treads Light Treads Light Treads Light Treads Light Treads Light Treads Wheel Wheel Wheel Wheel Large Storage Unit Small Matter Pod (50) Seismic Detector Assault Rifle Assault Rifle Assault Rifle Autogun Autogun EMP Blaster EMP Blaster EMP Blaster Peak State ------------ > --- POWER ------------ Light Nuclear Core > --- PROPULSION ------- Light Treads Wheel > --- UTILITY ---------- Small Storage Unit Seismic Detector > --- WEAPON ----------- Autogun Autogun > --- INVENTORY -------- Light Treads Light Treads Seismic Detector Assault Rifle Autogun Autogun Grenade Launcher Mining Laser [Rating: 12] Favorites ----------- Power Ion Engine Engine Ion Engine Power Core Light Nuclear Core Propulsion Light Treads Treads Light Treads Wheel Wheel Utility Seismic Detector Device Seismic Detector Storage Huge Storage Unit Processor Terrain Scan Processor Weapon EMP Blaster Energy Gun Small Laser Ballistic Gun Autogun Launcher EMP Blaster Special Weapon Mining Laser Build | -11 -10 ------- Run | Yrd Mat Slots Evolved . | . . Power . | . . Propulsion . | . . Utility . | . . Weapon . | . . Parts Attached 44 | 7 37 Power 4 | 1 3 Engine 2 | 1 1 Core 2 | . 2 Reactor . | . . Propulsion 15 | 2 13 Treads 5 | 1 4 Leg . | . . Wheel 10 | 1 9 Hover . | . . Flight . | . . Utility 7 | 2 5 Device 3 | 1 2 Storage 3 | 1 2 Processor 1 | . 1 Hackware . | . . Protection . | . . Artifact . | . . Weapon 18 | 2 16 Energy Gun 1 | . 1 Energy Cannon . | . . Ballistic Gun 7 | 2 5 Ballistic Cannon . | . . Launcher 7 | . 7 Special Weapon 3 | . 3 Impact Weapon . | . . Slashing Weapon . | . . Piercing Weapon . | . . Special Melee Weapon . | . . Unidentified Prototypes . | . . Corrupted Parts 12 | . 12 System Corruption 100 | . 100 Parts Lost 4 | . 4 Power 1 | . 1 Propulsion . | . . Utility . | . . Weapon 3 | . 3 Highest Loss Streak 1 | . 1 To Critical Strikes . | . . Average Slot Usage (%) 99 | . 99 Engine 8 | . 8 Core 5 | . 5 Treads 26 | . 26 Device 13 | . 13 Storage 14 | . 14 Ballistic Gun 1 | . 1 Launcher 13 | . 13 Special Weapon 11 | . 11 Peak Build Rating 12 | 7 12 Average Rating 10 | 6 10 On Entrance 3 | . 7 Naked Turns . | . . Heaviest Build 92 | 14 92 Greatest Support 40 | 20 40 Greatest Overweight (x) 30 | . 30 Average Overweight (x) 1 | . 1 Largest Inventory Capacity 25 | 8 25 Average Capacity 21 | 7 22 Most Carried 25 | 7 25 Average Carried 17 | 5 17 Final Capacity 25 | 8 25 Final Carried 25 | 7 25 Class Distribution -------------------- 100% | Mutant Dominant Class ---------------- Mutant | -10/Materials Resources | -11 -10 ----------- Run | Yrd Mat Matter Collected 2025 | 346 1679 Remotely . | . . Salvage Created 3207 | 173 3034 Parts 310 | 21 289 Haulers Intercepted 1 | . 1 Recyclers Shooed 1 | . 1 Parts Field Recycled . | . . Retrieved Matter . | . . Parts Self-Destructed . | . . Prevented . | . . Kills | -11 -10 ------- Run | Yrd Mat Combat Hostiles Destroyed 31 | . 31 Guns 2 | . 2 AOE 29 | . 29 Classes Destroyed 9 | 2 7 Worker 36 | . 36 Builder 64 | . 64 Tunneler 8 | 6 2 Hauler 1 | . 1 Recycler 3 | 1 2 Operator 2 | . 2 Watcher 2 | . 2 Swarmer 12 | . 12 Grunt 19 | . 19 Best Kill Streak 9 | 2 9 Combat Bots Only 9 | . 9 Max Kills in Single Turn 5 | 1 5 Gunslinging . | . . Exploded 5 | . 5 Melee . | . . Uniques/NPCs Destroyed . | . . Combat | -11 -10 -------- Run | Yrd Mat Hostile Shots Fired 91 | . 91 Missed 26 | . 26 Damage Taken 953 | . 953 Core 214 | . 214 Absorbed by Shields . | . . Regen/Repaired (Parts) 32 | . 32 Core Remaining (%) 100 | 100 . Volleys Fired 299 | 19 280 Largest 2 | 2 2 Hottest 100 | 40 100 Shots Fired 328 | 38 290 Gun 54 | 38 16 Cannon . | . . Launcher 254 | . 254 Special 20 | . 20 Kinetic 48 | 38 10 Thermal 26 | . 26 Explosive 29 | . 29 Electromagnetic 225 | . 225 Robot Hit Streak 12 | 9 12 Robot Miss Streak 9 | 5 9 Penetration Max . | . . Secondary Targets . | . . Shots Hit Robots 178 | 24 154 Core Hits 172 | 11 161 Critical Kills . | . . Critical Parts Destroyed . | . . Critical Strikes . | . . Melee Attacks . | . . Impact . | . . Slashing . | . . Piercing . | . . Sneak Attacks . | . . Combat Hostiles . | . . Follow-up Attacks . | . . Damage Inflicted 6872 | 248 6624 Guns 377 | 248 129 Cannons . | . . Explosions 6420 | . 6420 Melee . | . . Ramming 3 | . 3 Kinetic 331 | 248 83 Thermal 306 | . 306 Explosive 2008 | . 2008 Electromagnetic 4224 | . 4224 Impact . | . . Slashing . | . . Piercing . | . . Highest Corruption 101 | . 101 Average Corruption 1 | . 1 Corruption Purged . | . . Corruption Blocked . | . . Effects 86 | . 86 Message Errors 19 | . 19 Matter Fused 29 | . 29 Heat Flow Errors 8 | . 8 Energy Discharges 12 | . 12 Data Loss (minor) 9 | . 9 Data Loss (major) 3 | . 3 Misfires 5 | . 5 Alerts 1 | . 1 Overload Shots . | . . Overflow Damage 184 | . 184 Projectiles 14 | . 14 Explosions 170 | . 170 Melee . | . . Knockbacks . | . . Impact . | . . Kinetic . | . . Secondary . | . . Self-Inflicted Damage 261 | . 261 Shots 17 | . 17 Rammed 1 | . 1 Targets Rammed 1 | . 1 Kicked . | . . Crushed . | . . Highest Temperature 279 | . 279 Average Temperature 47 | . 47 Received Heat Transfer 270 | . 270 Siege Activations . | . . Robots Corrupted 1 | . 1 Combat Hostiles . | . . Parts Fried 42 | . 42 Impact Corruptions . | . . Robots Melted . | . . Combat Hostiles . | . . Parts Melted . | . . Heat Transferred 500 | . 500 Parts Sabotaged . | . . Parts Stolen . | . . Parts Stripped . | . . Power Chain Reactions 38 | . 38 Alert | -11 -10 ------- Run | Yrd Mat Peak Influence 995 | 35 995 Initial 22 | . 22 Average 541 | 16 554 Maximum Alert Level 3 | . 3 Low Security (%) 11 | 100 8 Level 1 26 | . 27 Level 2 26 | . 27 Level 3 35 | . 36 Level 4 . | . . Level 5 . | . . High Security . | . . Max Security . | . . Squads Dispatched 5 | . 5 Investigation 3 | . 3 Extermination . | . . Reinforcement 2 | . 2 Assault . | . . Garrison . | . . Intercept . | . . Searches Triggered . | . . Construction Impeded . | . . Haulers Reinforced . | . . Active Scanning Responses . | . . Cargo Convoy Interrupts . | . . Stealth | -11 -10 --------- Run | Yrd Mat Distress Signals 2 | . 2 Communications Jammed . | . . Distress Signals . | . . Times Spotted 51 | . 51 Peak Tracking Total 9 | . 9 Tactical Retreats 1 | . 1 Traps | -11 -10 ------- Run | Yrd Mat Traps Triggered 5 | . 5 Indirectly 3 | . 3 Trap Hack Attempts . | . . Triggered . | . . Disarmed . | . . Reprogrammed . | . . Reused . | . . Traps Extracted . | . . Installed . | . . Triggered . | . . Machines | -11 -10 ---------- Run | Yrd Mat Machines Disabled 15 | . 15 Max in Single Turn 3 | . 3 Machines Repaired . | . . Machines Dismantled . | . . Machines Sabotaged . | . . Overloaded Fab Kills . | . . Hacking | -11 -10 --------- Run | Yrd Mat Machines Accessed 9 | . 9 Terminals 6 | . 6 Fabricators . | . . Repair Stations 1 | . 1 Recycling Units 2 | . 2 Scanalyzers . | . . Garrison Access . | . . Total Hacks 21 | . 21 Successful 11 | . 11 Failed 10 | . 10 Catastrophic 2 | . 2 Database Lockouts . | . . Manual 18 | . 18 Terminals 16 | . 16 Fabricators . | . . Repair Stations 3 | . 3 Recycling Units 2 | . 2 Scanalyzers . | . . Garrison Access . | . . Terminal Hacks 1 | . 1 Unreport Threat 1 | . 1 Fabricator Hacks . | . . Repair Station Hacks 2 | . 2 Scan Component 1 | . 1 Repair 1 | . 1 Recycling Unit Hacks . | . . Scanalyzer . | . . Garrison Access Hacks . | . . Unauthorized Hacks 8 | . 8 Terminals 6 | . 6 Botnet 3 | . 3 Skim 3 | . 3 Fabricators . | . . Repair Stations . | . . Recycling Units 2 | . 2 Tunnel 2 | . 2 Scanalyzers . | . . Garrison Access . | . . Data Cores Recovered . | . . Used . | . . Hacking Detections 7 | . 7 Full Trace Events 1 | . 1 Feedback Events . | . . Feedback Blocked . | . . Robot Schematics Acquired . | . . Robots Built . | . . Authchips . | . . Time . | . . Total Robot Build Rating . | . . Part Schematics Acquired . | . . Parts Built . | . . Authchips . | . . Time . | . . Total Part Build Rating . | . . Parts Repaired 1 | . 1 Time 38 | . 38 Parts Recycled . | . . Recycled Matter . | . . Retrieved Matter . | . . Retrieved Components . | . . Parts Scanalyzed . | . . Part Schematics Acquired . | . . Parts Damaged . | . . Bothacking | -11 -10 ------------ Run | Yrd Mat Used RIF Installer . | . . Robots Hacked . | . . Non-combat . | . . Combat . | . . Robot Hacks Applied . | . . Relay Couplers Released . | . . Fabnet Peak Effective % . | . . Robots Rewired . | . . Allies Hacked . | . . Hacks Repelled . | . . Allies | -11 -10 -------- Run | Yrd Mat Total Allies . | . . Largest Group . | . . Highest-Rated Group . | . . Highest-Rated Ally . | . . Total Orders . | . . Ally Attacks . | . . Total Damage . | . . Kills . | . . Allies Corrupted . | . . Allies Melted . | . . Intel | -11 -10 ------- Run | Yrd Mat Robot Analysis Total . | . . Derelict Logs Recovered . | . . Drone Launches . | . . Drone Recoveries . | . . Exploration | -11 -10 ------------- Run | Yrd Mat Turns Passed 11732 | 291 11441 Spaces Moved 2943 | 134 2809 Core 6 | 2 4 Treads 2516 | 125 2391 Legs . | . . Wheels 421 | 7 414 Hover . | . . Flight . | . . Fastest Speed 50 | 50 95 Average Speed 244 | 154 248 Slowest Speed 1550 | 160 1550 Overloaded Moves . | . . Propulsion Burnouts . | . . Robots Hopped . | . . Cave-ins Triggered . | . . Exploration Rate (%) 52 | 7 97 Regions Visited 1 Branch Regions . Pre-discovered Areas 2 | . 2 Known Exits Taken . | . . Unknown Exits Taken 1 | 1 . Scrap Searched . | . . Spaces Dug 7 | . 7 Terrain Destroyed 338 | . 338 Melee . | . . Projectile 9 | . 9 AOE 329 | . 329 Terrain Rammed . | . . Walls Destroyed . | . . Machines Disabled . | . . Actions | -11 -10 --------- Run | Yrd Mat Total 7131 | 183 6948 Wait 3772 | 11 3761 Move 2942 | 133 2809 Hop . | . . Pick Up 35 | 11 24 Fast Attach 23 | 5 18 Attach 4 | 2 2 Detach 7 | . 7 Swap 17 | . 17 Drop 31 | 2 29 Fire 299 | 19 280 Melee . | . . Ram . | . . Kick . | . . Crush 1 | . 1 Escape Stasis . | . . Rewire . | . . Trap . | . . Miscellaneous . | . . Route ------- -11/Scrapyard -10/Materials (discovered 5 exits: [*Mat x3] / [*Min] / [*Sub]) History --------- Turn | Location | Event 15 | -11/Scrapyard | Discovered new exit (range 15) 292 | -11/Scrapyard | Entered Materials 312 | -10/Materials | Build established: Mutant 486 | -10/Materials | Discovered new exit (range 11) 599 | -10/Materials | Discovered new exit (range 7) 837 | -10/Materials | Core integrity fell below 50% 971 | -10/Materials | Discovered new exit (range 15) 992 | -10/Materials | Derelicts attacked the area 1026 | -10/Materials | Destroyed 9 combat bots 1253 | -10/Materials | Discovered new exit (range 4) 1325 | -10/Materials | Discovered new exit (range 11) 4513 | -10/Materials | Repaired Lgt. Nuclear Core 5540 | -10/Materials | Core integrity fell below 20% 11585 | -10/Materials | System corruption reached 10% 11638 | -10/Materials | System corruption reached 30% 11734 | -10/Materials | System corrupted Last Messages --------------- 11706_ U-05 Engineer lays Concrete. 11708_ System corrupted: Component data lost. 11708_ U-05 Engineer lays Concrete. 11717_ Acquired Corrupted Med. Matter Pod. 11717_ Integrated Corrupted Med. Matter Pod (+7). 11718_ U-05 Engineer builds a Door. 11718_ Dropped Med. Matter Pod. 11723_ Acquired Corrupted Wheel. 11723_ Integrated Corrupted Wheel (+10). 11724_ System corrupted: FCS attempts to trigger EMP Blaster. 11724_ System corrupted: EMP Blaster misfires. 11724_ Dropped Wheel. 11733_ Dropped Mining Laser. 11733_ Acquired Corrupted Unknown Special Weapon. 11733_ Identified Welding Torch. 11733_ Integrated Corrupted Welding Torch (+10). 11734_ Cogmind system terminally corrupted. Map ----- +----------------------------------------------------+ | | | | | | | | | | | | | | | | | ?????########################???????? | | ?????# ## ########? | | ?????# " " ## # #? | | ?????# " " #? # #? | | ?????# " #??? # #? | | ?????# #??###/### #? | | ?????# ! ! !#??# # #? | | ??????######+########## # #? | | ??######### = = |! + ## | | ??######### #### ### # # | | ??## ##?# #?# # # | | ??## ^= ####+#####/### =# | | ??## !! # ## # # | | ??## = # ## # # | | ??## = # ## # # | | ??## ! !/= ## ######## | | ??#### | ## # # | | ??### @ ## # # | | ???## ##/###### #[ # | | ???## =|* ## ####?# # # | | ???### = # ##???# # # | | ???### = =! # ## #????###### ! # | | ????## ####/#####?????###+#### | | ????## = ### #???????# #??## | | ????## %= ### ##??????# #???? | | ????#####= #=# # ##??????# #???? | | ??########%#%### ##??????# #???? | | ??# # / ##??????# #???? | | ??# """"" # =!| ##??????# #???? | | ??# """"% k ####+######????# #???? | | ??# """"" # = #????# #???? | | ??# """"" + #????# ###?? | | ??? """"" # = #????# ### | | ??? """"" ### ## #????# | | ????""""" #?# ## #????# ### | | ????? #?# ## ###### #?? | | ????##########+##= ######! ### | | ??????# /%| !!= = | | ??????# #=!%########## = | | ??????# # =#?????####= | | ??????# # ##??????## | | ??????######## ## ##???????# | +----------------------------------------------------+ Best States ------------- Heat Dissipation 25 Energy Generation 14 Energy Capacity 250 Matter Stores 300 Matter Capacity 300 Sight Range 16 Terrain Scan Density 10 Evasion (%) 44 Recoil Reduction 2 Item Schematics ----------------- None Robot Schematics ------------------ None Fabricated ------------ Nothing Alien Tech Used ----------------- None Achievements -------------- Z1$+NX3F=JRE3_ZNQR Challenges ------------ None Game ------ Seed DeepDimensionalDerivative Manual? 0 Play Time 00:41:30 Cumulative 103.1 hours Start 2024.12.19 @ 23:50:15 End 2024.12.20 @ 00:31:17 Sessions 1 Manual Loads 0 Difficulty Rogue Special Mode None Game No. 68 Rogue 68 Adventurer 0 Explorer 0 Win Type - Total 1 Types 1/0/0/0/0/0/0/0/0 Lore% 26 Gallery% 49 Achievement% 49 Wizard Run 0 Options --------- Layout 1 ASCII 0 Keyboard 1 Movement Vi Keybinds 1 Fullscreen 1 Font 32/SmallcapsGlow Map View 50x35 Zoom Use 0% Tactical HUD 1 Map Filters NONE Filters NONE Steam 1 RUN: d71a649c-752a-4245-9d56-8d4fede61975